 Dungeon Crawl Stone Soup version 0.31.0-1-g2c135a0 (webtiles) character file.

Game seed: 5196955919390443768

29 bonegar the Magician (level 3, -4/19 HPs)
             Began as a Deep Elf Hedge Wizard on Apr 1, 2024.
             Slain by Jessica
             ... wielding a +0 dagger
              (7 damage)
             ... on level 2 of the Dungeon.
             The game lasted 00:08:50 (1211 turns).

bonegar the Magician (Deep Elf Hedge Wizard)        Turns: 1211, Time: 00:08:51

Health: -4/19      AC:  2    Str:  7    XL:     3   Next: 1%
Magic:  3/11       EV: 12    Int: 20    God:
Gold:   84         SH:  0    Dex: 14    Spells: 10/11 levels left

rFire   . . .        a - +0 dagger
rCold   . . .        (no shield)
rNeg    . . .        h - +0 robe
rPois   .            c - +0 hat
rElec   .            (no cloak)
rCorr   .            (no gloves)
SInv    .            (no boots)
Will    .....        (no amulet)
Stlth   ++           (no ring)
HPRegen 0.23/turn    (no ring)
MPRegen 0.12/turn

%: no passive effects
@: no status effects
A: no striking features
a: no special abilities


You were on level 2 of the Dungeon.
You visited 1 branch of the dungeon, and saw 2 of its levels.

You collected 84 gold pieces.

Inventory:

Hand Weapons
 a - a +0 dagger (weapon)
Armour
 b - a +0 robe
 c - a +0 hat (worn)
 h - a +0 robe (worn)
Scrolls
 f - 3 scrolls of identify {unknown}
 g - a scroll of enchant armour {unknown}
 l - a scroll of teleportation {unknown}
Potions
 d - a potion of magic
 e - 2 potions of haste {unknown}
 i - a potion of berserk rage {unknown}
 j - a potion of might {unknown}
 k - a potion of curing {unknown}


   Skills:
 + Level 2.7 Dodging
 + Level 2.9 Stealth
 + Level 4.6 Spellcasting
 + Level 1.5 Conjurations
 + Level 1.6 Summonings
 + Level 1.6 Translocations


You had 10 spell levels left.
You knew the following spells:

 Your Spells              Type           Power      Damage    Failure   Level
a - Magic Dart            Conj           44%        1d5       6%          1

Your spell library contained the following spells:

 Spells                   Type           Power      Damage    Failure   Level
 Shock                    Conj/Air       28%        1d4       9%          1
 Blink                    Tloc           22%        N/A       9%          2
 Call Imp                 Summ           22%        N/A       10%         2
 Slow                     Hex            16%        N/A       12%         1
 Cigotuvi's Dreadful Rot  Necr/Alch/Air  8%         N/A       19%         2
 Mephitic Cloud           Conj/Alch/Air  6%         N/A       28%         3
 Swiftness                Air            4%         N/A       34%         3
 Airstrike                Air            2%         2d(1-17)  75%         4


Dungeon Overview and Level Annotations

Branches:
Dungeon (2/15)

Altars:

Annotations:
D:2 Jessica


Message History

Nothing appears to happen.
Jessica barely misses you.
Unknown command.
You hit Jessica.
Jessica is moderately wounded.
Jessica completely misses you.
You hit Jessica.
Jessica is heavily wounded.
Jessica gestures wildly while chanting.
Jessica seems to speed up.
You hit Jessica.
Jessica is severely wounded.
Jessica hits you with a +0 dagger.
You hit Jessica but do no damage.
Jessica is severely wounded.
Jessica points at you and mumbles some strange words.
You barely resist. Jessica hits you with a +0 dagger.
You closely miss Jessica.
Jessica is severely wounded.
Jessica barely misses you.
Casting: Magic Dart (safe; 6% risk of failure)
Confirm with . or Enter, or press ? or * to list all spells.
Aiming: Magic Dart (safe; 6% risk of failure)
Press: ? - help, Shift-Dir - straight line, f/p - Jessica
Aim: Jessica, wielding a +0 dagger and wearing a +0 robe (severely wounded, fast, 100% to hit)
The magic dart hits Jessica.
Jessica is almost dead.
Jessica hits you with a +0 dagger.
Jessica looks very angry.
Jessica hits you with a +0 dagger.
* * * LOW HITPOINT WARNING * * *
Your magical contamination has completely faded away.
Casting: Magic Dart (safe; 6% risk of failure)
Confirm with . or Enter, or press ? or * to list all spells.
Aiming: Magic Dart (safe; 6% risk of failure)
Press: ? - help, Shift-Dir - straight line, f/p - Jessica
Aim: Jessica, wielding a +0 dagger and wearing a +0 robe (almost dead, fast, 100% to hit)
The magic dart hits Jessica but does no damage.
Jessica is almost dead.
Jessica hits you with a +0 dagger!
You die...

##################
#.................
#.################
#.# #.# #.# ####
#@# .... #@# #.#.
........# #.
#######.# .#. ..
#.. ...< #.. ####
#..# ...# . #.##
...


You could see Jessica (fast).

Vanquished Creatures
  2 dart slugs (D:1)
  2 ball pythons (D:1)
  4 endoplasms (D:1)
  A goblin (D:1)
  3 hobgoblins
  3 kobolds
  A quokka (D:1)
  2 bats
  2 frilled lizards
  2 rats (D:1)
22 creatures vanquished.

Notes
Turn   | Place    | Note
-------+----------+-------------------------------------------
     0 | D:1      | bonegar the Deep Elf Hedge Wizard began the quest for the
                  | Orb.
     0 | D:1      | Reached XP level 1. HP: 10/10 MP: 7/7
   179 | D:1      | Reached XP level 2. HP: 9/15 MP: 2/9
  1196 | D:2      | Noticed Jessica
  1202 | D:2      | Reached XP level 3. HP: 14/19 MP: 7/11
  1211 | D:2      | Slain by Jessica

Illustrated notes

Levels and vault maps discovered:
D:1:      evilmike_arrival_hilbert_curve, layout_basic, minmay_misc_feat_rows,
          chequers_serial_rivers_small_a
D:2:      layout_basic, serial_shops, nicolae_shop_stone, serial_aquarium,
          aquarium_bridge_straight [aquarium_subvault_bridge,
          aquarium_subvault_balcony, aquarium_subvault_bridge,
          aquarium_subvault_window], aquarium_bridge_straight
          [aquarium_subvault_bridge, aquarium_subvault_wall,
          aquarium_subvault_bridge, aquarium_subvault_window],
          aquarium_window_2, aquarium_window_2, aquarium_window_corner,
          aquarium_view_2e, aquarium_balcony_5a, aquarium_pool_1,
          uniq_crazy_yiuf_cottage, uniq_jessica

Action                     || total
---------------------------++-------
  Melee: Dagger            ||    13
   Cast: Magic Dart        ||    54
   Stab: Sleeping          ||     1
 Armour: Robe              ||    13
  Dodge: Dodged            ||     9
